 Dungeon Crawl Stone Soup version 0.21-a0-1-gaf3b9a5 (webtiles) character file.

1855 Hailrake the Protected (level 8, -3/74 HPs)
             Began as a Minotaur Fighter on May 21, 2017.
             Splashed by an oklob plant's acid (19 damage)
             ... on level 4 of the Dungeon.
             The game lasted 00:17:38 (2883 turns).

Hailrake the Protected (Minotaur Fighter)           Turns: 2883, Time: 00:17:43

Health: -3/74      AC:  9    Str: 26    XL:     8   Next: 89%
Magic:  11/11      EV:  8    Int:  5    God:
Gold:   37         SH: 12    Dex: 10    Spells: 13/13 levels left

rFire    . . .     SeeInvis .   u - +0 morningstar
rCold    . . .     Gourm    .   c - +1 shield
rNeg     . . .     Faith    .   f - +0 plate armour
rPois    .         Spirit   .   (helmet restricted)
rElec    .         Reflect  .   (no cloak)
rCorr    .         Harm     +   i - +0 pair of gloves
MR       .....                  (no boots)
Stlth    ..........             n - amulet of harm
Regen    0.3/turn               q - +2 ring of protection
MPRegen  0.2/turn               x - +3 ring of strength

@: corroded
A: retaliatory headbutt, horns 2
a: no special abilities


You were on level 4 of the Dungeon.
You were not hungry.

You visited 1 branch of the dungeon, and saw 4 of its levels.

You collected 133 gold pieces.
You spent 96 gold pieces at shops.

Inventory:

Hand Weapons
 a - a +0 flail
 u - a +0 morningstar (weapon)
Armour
 b - a +0 scale mail
 c - a +1 shield (worn)
 f - a +0 plate armour (worn)
 i - a +0 pair of gloves (worn)
Jewellery
 m - an uncursed amulet of the gourmand {unknown}
 n - an amulet of harm (around neck)
 p - an uncursed ring of resist corrosion {unknown}
 q - a +2 ring of protection (left hand)
 s - a +1 ring of evasion {unknown}
 x - a +3 ring of strength (right hand)
 A - an uncursed ring of magical power {unknown}
Scrolls
 e - 2 scrolls of fog
 g - 5 scrolls of remove curse
 j - a scroll of magic mapping
 y - a scroll of enchant armour
 C - a scroll of noise {unknown}
 D - a scroll of identify {unknown}
Potions
 d - a potion of heal wounds
 k - a potion of degeneration {unknown}
 l - a potion of ambrosia {unknown}
 o - 3 potions of berserk rage
 r - a potion of haste {unknown}
 t - a potion of curing
 v - a potion of flight {unknown}
 B - a potion of lignification {unknown}
Comestibles
 h - 3 meat rations
 w - a bread ration
 z - a royal jelly


   Skills:
 + Level 8.1 Fighting
 + Level 7.8 Maces & Flails
 + Level 4.8 Throwing
 + Level 8.5 Armour
 + Level 5.5 Dodging
 + Level 4.4 Stealth
 + Level 8.3 Shields
 + Level 5.4 Unarmed Combat
 + Level 3.3 Spellcasting


You had 13 spell levels left.
You didn't know any spells.

Dungeon Overview and Level Annotations

Branches:
Dungeon (4/15)
 Temple: D:4-7

Altars:
Ashenzari
Dithmenos
Fedhas
Ru

Shops:
D:4 !

Annotations:
D:4 exclusion: oklob plant


Innate Abilities, Weirdness & Mutations

You reflexively headbutt those who attack you in melee.
You have a pair of horns on your head.


Message History

The plant is severely damaged.
You puncture the plant!
You destroy the plant!
The oklob plant spits acid at you. The splash of acid hits you!
The acid corrodes you!
You are splashed with acid!
The acid burns!
You puncture the fungus! You headbutt the fungus!
The fungus is heavily damaged.
The oklob plant spits acid at you. The splash of acid hits you!
You are splashed with acid!
The acid burns!
* * * LOW HITPOINT WARNING * * *
Found 2 fruits.
You see here a fruit.
You puncture the fungus! You headbutt the fungus!
The fungus is almost destroyed.
The oklob plant spits acid at you. The splash of acid hits you!
* * * LOW HITPOINT WARNING * * *
The acid corrodes you!
You are splashed with acid!
The acid burns!
You die... .##..........#### #.# .######.........# #.# .# ######.##.# #.# .# #.##.# #.# .## #.##.# #.# ..## ############## ### # ...# #PP#P ##PP.# .P# ##P# #.## #PPP%##PPPP## #P.PP.# #.# #... #%.%@PP#PP## PP#PP#

#.# #..# #%.#P...#P#P###PPP #.#
#..# #P#PPP##.......#.### ## #.#
#..# #PPPP#..≈≈.≈≈..PP#.#P# #.#
#..# #PP.P#..≈≈≈.≈≈≈..P##PP#
#.###.># #PP##..≈≈≈≈.≈≈≈≈...PPP#
.......#####PPP.≈≈≈≈≈.≈≈≈≈≈.PPP##
#.####....#PP#..≈≈≈≈...≈≈≈≈.##PP#
........###.PP#.≈≈≈≈._.≈≈≈≈.P#PP#


You could see an oklob plant.

Vanquished Creatures
  An ogre (D:4)
  A phantom (D:4)
  A scorpion (D:4)
  3 wights (D:3)
  A crimson imp (D:4)
  2 howler monkeys (D:4)
  An orc wizard (D:4)
  A centaur skeleton (D:4)
  A worker ant (D:4)
  Robin (D:3)
  8 adders
  An adder skeleton (D:4)
  2 worms (D:3)
  2 dart slugs
  5 orcs (D:4)
  A ball python (D:1)
  4 giant cockroaches
  17 goblins
  9 hobgoblins
  4 jackals (D:3)
  4 kobolds
  A quokka (D:3)
  6 bats
  3 frilled lizards
  5 rats
  2 plants (D:4)
87 creatures vanquished.

Vanquished Creatures (others)
  13 toadstools (D:4)
13 creatures vanquished.

Grand Total: 100 creatures vanquished

Notes
Turn   | Place    | Note
-------+----------+-------------------------------------------
     0 | D:1      | Hailrake the Minotaur Fighter began the quest for the Orb.
     0 | D:1      | Reached XP level 1. HP: 19/19 MP: 0/0
   562 | D:1      | Reached XP level 2. HP: 27/27 MP: 1/1
   778 | D:2      | Reached XP level 3. HP: 26/33 MP: 2/2
  1195 | D:2      | Found a shadowy altar of Dithmenos.
  1230 | D:2      | Reached XP level 4. HP: 38/41 MP: 3/3
  1595 | D:3      | Reached skill level 5 in Fighting
  1595 | D:3      | Reached skill level 5 in Armour
  1595 | D:3      | Reached XP level 5. HP: 48/48 MP: 4/4
  1635 | D:3      | Noticed Robin
  1654 | D:3      | Killed Robin
  1874 | D:3      | Found a shattered altar of Ashenzari.
  1931 | D:3      | Reached skill level 5 in Shields
  2138 | D:4      | Reached XP level 6. HP: 56/56 MP: 5/5
  2265 | D:4      | Reached XP level 7. HP: 28/66 MP: 5/9
  2270 | D:4      | Reached skill level 5 in Dodging
  2270 | D:4      | Reached skill level 5 in Unarmed Combat
  2270 | D:4      | Reached XP level 8. HP: 33/74 MP: 5/11
  2389 | D:4      | Found a sacrificial altar of Ru.
  2456 | D:4      | Found Bouppoci's Distillery.
  2464 | D:4      | Bought a potion of heal wounds for 60 gold pieces
  2464 | D:4      | Bought a potion of curing for 36 gold pieces
  2825 | D:4      | Found a blossoming altar of Fedhas.
  2849 | D:4      | Noticed an oklob plant
  2883 | D:4      | Splashed by an oklob plant's acid

Vault maps used:
D:1:      minmay_arrival_doors, roderic_bali_sauvastika,
          minmay_shallow_snake_nest
D:2:      lemuel_round_altar
D:3:      cheibrodos_ashenzari_chains, uniq_robin
D:4:      nicolae_ru_great_annihilating_truth, serial_shops,
          nicolae_shop_temple_entry_statues_fountains, tgw_fedhas

Skill      XL: |  1  2  3  4  5  6  7 |
---------------+----------------------+-----
Fighting       | 4 5 7 8 |  8.1
Armour         | 4 5 7 8 |  8.5
Shields        | 4 5 7 8 |  8.3
Maces & Flails | 3 6 7 |  7.8
Throwing       | 3 4 |  4.8
Dodging        | 4 5 |  5.5
Stealth        | 3 4 |  4.4
Unarmed Combat | 4 5 |  5.4
Spellcasting   | 2 3 |  3.3

Action                   |  1- 3 |  4- 6 |  7- 9 || total
-------------------------+-------+-------+-------++-------
Melee: Flail             |    70 |    22 |       ||    92
       Headbutt          |     8 |    16 |    13 ||    37
       Morningstar       |       |   111 |    40 ||   151
  Use: Scroll            |     2 |     5 |     1 ||     8
       Potion            |       |     1 |     2 ||     3
 Stab: Invisible         |       |       |     1 ||     1
       Paralysed         |       |       |     1 ||     1
  Eat: Bread ration      |     1 |       |     1 ||     2
Armor: Scale mail        |    28 |       |       ||    28
       Plate armour      |    11 |   108 |     9 ||   128
Dodge: Dodged            |    21 |    36 |     4 ||    61
Block: Shield            |    34 |    99 |    10 ||   143
